 Dungeon Crawl Stone Soup version 0.27.0-1-g7a089689b8 (webtiles) character file.

Game seed: 12287514704781989967

199 nxtlvl the Twirler (level 6, 0/44 HPs)
             Began as a Human Gladiator on Aug 4, 2021.
             Slain by an orc wizard (3 damage)
             ... on level 4 of the Dungeon.
             The game lasted 00:17:35 (1303 turns).

nxtlvl the Twirler (Human Gladiator)                Turns: 1303, Time: 00:17:35

Health: 0/44       AC:  5    Str: 14    XL:     6   Next: 6%
Magic:  6/6        EV: 12    Int: 11    God:
Gold:   29         SH:  0    Dex: 14    Spells: 5/5 levels left

rFire    . . .     SeeInvis .   a - +1 quarterstaff
rCold    . . .     Faith    .   (shield currently unavailable)
rNeg     . . .     Spirit   .   f - +0 leather armour
rPois    .         Reflect  .   c - +0 helmet
rElec    .         Harm     .   (no cloak)
rCorr    .         Rampage  .   k - +0 pair of gloves
Will     .....                  (no boots)
Stlth    +.........             (no amulet)
HPRegen  0.14/turn              (no ring)
MPRegen  0.10/turn              (no ring)

@: confused, mighty, lethally poisoned (0 -> -4), very slightly contaminated,
invisible
A: no striking features
a: no special abilities


You were on level 4 of the Dungeon.
You visited 1 branch of the dungeon, and saw 4 of its levels.

You collected 74 gold pieces.
You spent 45 gold pieces at shops.

Inventory:

Hand Weapons
 a - a +1 quarterstaff (weapon)
 b - a +0 hunting sling
Missiles
 g - 67 stones
 i - 7 poisoned darts (quivered)
Armour
 c - a +0 helmet (worn)
 f - a +0 leather armour (worn)
 k - a +0 pair of gloves (worn)
Wands
 n - a wand of paralysis (9)
Scrolls
 d - a scroll of enchant weapon
 m - a scroll of noise
Potions
 h - 2 potions of lignification


   Skills:
 - Level 2.0 Fighting
 + Level 6.3 Staves
 - Level 2.0 Throwing
 - Level 3.0 Dodging


You had 5 spell levels left.
You didn't know any spells.
Your spell library contained the following spells:

 Spells                   Type           Power      Damage    Failure   Level
 Sandblast                Erth           0%         2d4       41%         1
 Passwall                 Tmut/Erth      0%         N/A       56%         2
 Lee's Rapid Deconstruct  Erth           0%         3d5*      100%        5


Dungeon Overview and Level Annotations

Branches:
Dungeon (4/15)
 Temple: D:4-7

Altars:
Makhleb

Shops:
D:3 =   D:4 [


Message History

You hear some strange, mumbled words.
You are more confused.
The orc wizard gestures at something while chanting.
The puff of flame hits something.
You sock something!
Reactivating autopickup.
You feel a bit more experienced.
You have reached level 6!
Your experience leads to an increase in your attributes!
Increase (S)trength, (I)ntelligence, or (D)exterity?
You feel clever.
You bump into the rock wall.
You're too confused to move!
The orc wizard points at something and mumbles some strange words.
The orc wizard barely misses you.
Items here: )) [[ †.
You thump the orc wizard!
The orc wizard is almost dead.
The orc wizard hits you with a +2 dagger of venom.
* * * LOW HITPOINT WARNING * * *
You are lethally poisoned!
You closely miss the orc wizard.
The orc wizard is almost dead.
* * * LOW HITPOINT WARNING * * *
You feel very sick.
The orc wizard gestures at you while chanting.
You are more confused.
Unknown command.
* * * LOW HITPOINT WARNING * * *
You feel very sick.
The orc wizard points at something and mumbles some strange words.
Unknown command.
* * * LOW HITPOINT WARNING * * *
You feel sick. The orc wizard misses you.
Items here: )) [[ †.
You bump into the rock wall.
* * * LOW HITPOINT WARNING * * *
You feel sick.
The orc wizard hits you with a +2 dagger of venom.
You die...

........##
.........#
.........#
####..<#.# #####
#.###.# #...
##.....###.##
#...........#
#...........#####
#.............@.#
#......########o#
#......# #.#
#......# #.#
#......# #.# # .
#......#
#.#####.#.#
#......#
#.........#
########
#....o....#
#.........#


You could see an orc wizard.

Vanquished Creatures
  A scorpion (D:4)
  An orc wizard (D:4)
  2 hound skeletons
  4 adders
  An adder skeleton (D:4)
  3 dart slugs
  2 orcs
  8 ball pythons
  3 endoplasms
  2 giant cockroaches
  5 hobgoblins
  3 kobolds
  A quokka (D:4)
  4 bats
  2 frilled lizards (D:1)
  7 goblins
  A rat (D:3)
50 creatures vanquished.

Notes
Turn   | Place    | Note
-------+----------+-------------------------------------------
     0 | D:1      | nxtlvl the Human Gladiator began the quest for the Orb.
     0 | D:1      | Reached XP level 1. HP: 16/16 MP: 1/1
    55 | D:1      | Found a faded altar of an unknown god.
    67 | D:1      | Reached XP level 2. HP: 21/22 MP: 2/2
   164 | D:3      | Found Soor's Jewellery Boutique.
   233 | D:2      | Reached skill level 4 in Staves
   233 | D:2      | Reached XP level 3. HP: 22/27 MP: 3/3
   399 | D:2      | Reached XP level 4. HP: 32/33 MP: 4/4
   623 | D:3      | Found a burning altar of Makhleb.
   695 | D:3      | Reached skill level 5 in Staves
   833 | D:4      | Found Geysaa's Armour Shop.
   847 | D:4      | Bought a +0 pair of gloves for 45 gold pieces
   897 | D:4      | Reached XP level 5. HP: 38/38 MP: 5/5
   988 | D:4      | Reached skill level 6 in Staves
  1296 | D:4      | Reached XP level 6. HP: 14/44 MP: 6/6
  1303 | D:4      | Slain by an orc wizard

Illustrated notes

Levels and vault maps discovered:
D:1:      roderic_chinese_lattice_arrival, layout_rooms,
          ebering_ecumenical_altar_hall
D:2:      layout_rooms, kennysheep_decorative_pillar, minmay_goblin_outpost
D:3:      layout_loops_ring, lightli_temple_of_fire, serial_shops, shop_statue
D:4:      layout_basic, kennysheep_mini_moat, serial_shops,
          nicolae_lakefront_shop, minmay_bent

Skill      XL: |  1  2  3  4  5 |
---------------+----------------+-----
Staves         | 4 5 6 |  6.3
Fighting       | |  2.0
Throwing       | |  2.0
Dodging        | |  3.0

Action                   |  1- 3 |  4- 6 || total
-------------------------+-------+-------++-------
Melee: Quarterstaff      |    41 |    78 ||   119
 Fire: Hunting sling     |    19 |       ||    19
Throw: Throwing net      |     4 |     1 ||     5
       Dart              |       |     4 ||     4
  Use: Scroll            |       |     3 ||     3
       Potion            |       |     3 ||     3
 Stab: Sleeping          |       |     2 ||     2
Armor: Leather armour    |    13 |    18 ||    31
       Skin              |       |     6 ||     6
Dodge: Dodged            |    20 |    33 ||    53
